 Dungeon Crawl Stone Soup version 0.29.1-15-g9cfb28693d (webtiles) character file.

Game seed: 14466762842694962323

42441 Smoke131 the Grappler (level 13, -1/133 HPs)
             Began as a Troll Gladiator on Feb 28, 2023.
             Was the Champion of Okawaru.
             Slain by a swamp worm (12 damage)
             ... on level 2 of the Lair of Beasts.
             The game lasted 00:54:23 (14390 turns).

Smoke131 the Grappler (Troll Gladiator)            Turns: 14390, Time: 00:54:23

Health: -1/133     AC: 13    Str: 29    XL:     13   Next: 85%
Magic:  19/19      EV: 10    Int:  4    God:    Okawaru [******]
Gold:   966        SH:  0    Dex: 18    Spells: 12/12 levels left

rFire   . . .      SeeInvis +     - Unarmed
rCold   + . .      Faith    .   (no shield)
rNeg    . . .      Spirit   .   P - +0 acid dragon scales
rPois   .          Reflect  .   b - +1 hat
rElec   .          Harm     .   R - +0 cloak
rCorr   +          Rampage  .   (gloves unavailable)
Will    .....                   (boots unavailable)
Stlth   +.........              J - amulet "Mewnim" {Acrobat Dex+7}
HPRegen 1.12/turn               q - ring of protection from cold
MPRegen 0.16/turn               m - ring "Uczum" {Slay+5 SInv}

@: slowed, studying Unarmed Combat, very slow
A: large, unfitting armour, claws 3, regeneration 1, shaggy fur 1, tough skin 1,
mutation resistance 1, subdued magic 1
a: Renounce Religion, Heroism, Finesse, Duel


You were on level 2 of the Lair of Beasts.
You worshipped Okawaru.
Okawaru was exalted by your worship.
You visited 3 branches of the dungeon, and saw 16 of its levels.
You also visited: Sewer, Bailey and Gauntlet.

You collected 966 gold pieces.

Inventory:

Missiles
 c - 4 throwing nets
 l - 130 stones
 n - 2 curare-tipped darts
 p - a silver javelin
 t - 5 silver boomerangs
 v - 3 boomerangs
 y - 40 poisoned darts
 K - 3 large rocks (quivered)
 L - 5 javelins
 S - 5 atropa-tipped darts
Armour
 b - a +1 hat (worn)
 M - the +0 kite shield of Noon {Str+7 Int-3 Stlth+}
   (Okawaru gifted it to you in a Gauntlet)

   Str:       It affects your strength (+7).
   Int:       It affects your intelligence (-3).
   Stlth:     It makes you more stealthy.
 P - +0 acid dragon scales (worn)
 R - a +0 cloak (worn)
 Y - the +0 hat of Garask {rF+ rN+}
   (Okawaru gifted it to you on level 13 of the Dungeon)

   rF:        It protects you from fire.
   rN:        It protects you from negative energy.
Jewellery
 d - a ring of flight
 m - the ring "Uczum" (right claw) {Slay+5 SInv}
   (You found it in a Gauntlet)

   [ring of see invisible]

   Slay:      It affects your accuracy & damage with ranged weapons and melee
   (+5).
   SInv:      It lets you see invisible.
 q - a ring of protection from cold (left claw)
 I - a ring of wizardry
 J - the amulet "Mewnim" (around neck) {Acrobat Dex+7}
   (You found it on level 10 of the Dungeon)

   [amulet of the acrobat]

   It increases your evasion while moving and waiting.
   Dex:       It affects your dexterity (+7).
 W - a +4 ring of evasion
Wands
 u - a wand of paralysis (19)
 x - a wand of mindburst (6)
 B - a wand of flame (44)
 G - a wand of iceblast (20)
 O - a wand of polymorph (3)
Scrolls
 a - a scroll of vulnerability
 e - 5 scrolls of teleportation
 j - 3 scrolls of enchant weapon
 w - a scroll of magic mapping
 E - 3 scrolls of poison
 F - a scroll of brand weapon
 Q - 2 scrolls of amnesia
 T - 4 scrolls of identify
 X - 2 scrolls of fear
 Z - a scroll of butterflies
Potions
 f - 3 potions of invisibility
 g - a potion of magic
 h - 5 potions of attraction
 i - 6 potions of curing
 k - 5 potions of heal wounds
 o - a potion of cancellation
 r - 3 potions of lignification
 s - 3 potions of resistance
 z - a potion of ambrosia
 A - 6 potions of flight
 C - 3 potions of mutation
 D - 5 potions of haste
 H - 2 potions of brilliance


   Skills:
 - Level 10.0 Fighting
 - Level 10.0 Throwing
 - Level 10.0 Armour
 - Level 3.0 Dodging
 - Level 10.0 Unarmed Combat
 + Level 9.9 Invocations


You had 12 spell levels left.
You didn't know any spells.
Your spell library contained the following spells:

 Spells                   Type           Power      Damage    Failure   Level
 Blink                    Tloc           0%         N/A       65%         2
 Ensorcelled Hibernation  Hex/Ice        0%         N/A       65%         2
 Passwall                 Tmut/Erth      0%         N/A       65%         2
 Dazzling Flash           Conj/Hex       0%         N/A       87%         3
 Lesser Beckoning         Tloc           0%         N/A       87%         3
 Swiftness                Air            0%         N/A       87%         3
 Iskenderun's Mystic Bla  Conj/Tloc      0%         2d3       99%         4
 Alistair's Intoxication  Tmut/Pois      0%         N/A       100%        5
 Borgnjor's Vile Clutch   Necr/Erth      0%         N/A       100%        5
 Manifold Assault         Tloc           0%         N/A       100%        5
 Eringya's Noxious Bog    Tmut/Pois      0%         N/A       100%        6
 Starburst                Conj/Fire      0%         6d3       100%        6


Dungeon Overview and Level Annotations

Branches:
Dungeon (13/15)            Temple (1/1) D:6            Lair (2/5) D:9
    Orc (0/2) D:9           Sewer (visited)          Bailey (visited)
Gauntlet (visited)
  Swamp: Lair:2-3    Shoals: Lair:2-3     Snake: Lair:2-3    Spider: Lair:2-3
 Vaults: D:13-14

Altars:
Ashenzari
Cheibriados
Elyvilon
Fedhas
Hepliaklqana
Kikubaaqudgha
Makhleb
Nemelex Xobeh
Okawaru
Qazlal
Ru
Uskayaw
Vehumet
Yredelemnul
Zin
The Shining One
Jiyva

Shops:
D:6 :   D:8 (   D:9 (:

Annotations:
D:11 1 runed translucent door, F1ng0rz's ghost, journeyman VSFi


Innate Abilities, Weirdness & Mutations

You are too large for most types of armour.
You have claws for hands.
Your natural rate of healing is unusually fast.
You are covered in fur. (AC +1)
You have tough skin. (AC +1)
You are somewhat resistant to further mutation.
Your spells are a little easier to cast, but a little less powerful.


Message History

You feel yourself slow down. The cane toad stings you!
The swamp worm bites you but does no damage.
You mangle the cane toad!!
The cane toad is severely wounded.
The cane toad barely misses you. The bog body closely misses you.
The swamp worm bites you but does no damage.
You closely miss the cane toad.
The cane toad is severely wounded.
The cane toad stings you!
You are poisoned.
The cane toad poisons you! The swamp worm bites you!
The bog body points at you and mumbles some strange words.
The bolt of cold hits you! You resist.
The cane toad stings you but does no damage.
The swamp worm closely misses you. The bog body touches you!
The bog body freezes you! You resist.
You claw the cane toad!
You kill the cane toad!
Okawaru accepts your kill.
You feel very sick. The swamp worm bites you!
The bog body touches you but does no damage.
You mangle the bog body!!
The bog body is heavily damaged.
You feel very sick. The swamp worm bites you!
* * * LOW HITPOINT WARNING * * *
The bog body touches you!
* * * LOW HITPOINT WARNING * * *
The bog body freezes you! You resist.
* * * LOW HITPOINT WARNING * * *
The swamp worm bites you.
* * * LOW HITPOINT WARNING * * *
You feel better. The swamp worm closely misses you.
The bog body points at you and mumbles some strange words.
You resist with significant effort.
The bog body gestures at you while chanting.
The bolt of cold hits you but does no damage.
The swamp worm bites you!
You die...

♣♣#......#.....) .
♣.##..P......... ♣ .♣
♣.#P.....#...... ♣~..
♣......P........ ~♣.
♣...............
♣..♣♣...............
♣..♣....P.#..###....
#..♣.n♣...#............
#..⌠w@.#..............
#...†....#..........#.
#.....#......... . #.
.....#.....#..... #.
.........#....... #.
....P#...#....... #.
....######.#... #. ...
... .###. .....


You could see a bog body and a swamp worm.

Vanquished Creatures
  A minotaur (Gauntlet)
  3 boulder beetles
  3 centaur warriors (D:13)
  A deep troll earth mage (D:12)
  3 two-headed ogres
  2 death knights (D:13)
  A death yak (Gauntlet)
  A soul eater (D:10)
  Nergalle (Lair:1)
  A wretched star (Gauntlet)
  The ghost of Wombatman the Cleaver, a novice PaAK of Lugonu (D:9)
  A sixfirhy (Gauntlet)
  2 skeletal warriors (D:13)
  Pikel (D:6)
  A necromancer (Gauntlet)
  A phantasmal warrior (D:12)
  3 ugly things
  7 slime creatures
  A manticore (D:12)
  2 rust devils (D:10)
  Maurice (D:8)
  Maggie (D:9)
  2 cane toads (Lair:2)
  An unseen horror (D:13)
  A komodo dragon (Lair:2)
  3 freezing wraiths
  A queen bee (shapeshifter) (D:13)
  A troll (D:9)
  A polar bear (Lair:2)
  A raiju (Gauntlet)
  2 spriggans (Lair:2)
  4 shadows
  5 wyverns
  21 yaks
  2 vampires
  4 wraiths
  2 steam dragons (Gauntlet)
  A neqoxec (Gauntlet)
  A two-headed ogre zombie (D:9)
  Menkaure (D:5)
  2 vampire mosquitoes
  2 acid dragons
  4 water moccasins
  3 black bears
  11 orc warriors
  2 sky beasts
  3 ogres
  3 wolves (Lair:2)
  8 centaurs
  3 phantoms
  10 bullfrogs
  A kobold brigand (Sewer)
  3 necrophages
  5 scorpions
  13 wights
  2 troll zombies (D:9)
  18 killer bees
  4 howler monkeys
  A crimson imp (Gauntlet)
  3 hounds
  7 jellies
  8 orc priests
  A gnoll bouda (D:5)
  Ijyb (D:5)
  2 iguanas
  6 orc wizards
  5 ogre zombies (D:9)
  15 gnolls
  A river rat (D:5)
  7 adders
  2 ufetubi (Gauntlet)
  3 worms
  2 dart slugs
  81 orcs
  3 ball pythons
  7 endoplasms
  2 giant cockroaches
  7 goblins
  3 hobgoblins
  A jackal (Sewer)
  10 kobolds
  3 quokkas
  4 bats
  4 frilled lizards
  2 goblin skeletons (D:9)
  3 goblin zombies (D:9)
  4 hobgoblin zombies (D:9)
  2 orc skeletons (D:9)
  13 orc zombies (D:9)
  9 rats
412 creatures vanquished.

Vanquished Creatures (others)
  An orc (D:8)
  A hobgoblin zombie (D:9)
  A demonic plant (D:10)
  4 fungi
  9 plants
16 creatures vanquished.

Grand Total: 428 creatures vanquished

Notes
Turn   | Place    | Note
-------+----------+-------------------------------------------
     0 | D:1      | Smoke131 the Troll Gladiator began the quest for the Orb.
     0 | D:1      | Reached XP level 1. HP: 19/19 MP: 0/0
   319 | D:1      | Reached XP level 2. HP: 28/28 MP: 1/1
   324 | D:1      | Found a faded altar of an unknown god.
   803 | D:2      | Reached XP level 3. HP: 35/35 MP: 2/2
  1355 | D:2      | Reached skill level 1 in Armour
  1404 | D:3      | Reached XP level 4. HP: 29/42 MP: 3/3
  1460 | D:3      | Found a snail-covered altar of Cheibriados.
  2200 | D:4      | Noticed a necrophage
  2210 | D:4      | Killed a necrophage
  2211 | D:4      | Reached XP level 5. HP: 45/50 MP: 4/4
  2401 | D:4      | Noticed an ogre
  2407 | D:4      | Killed an ogre
  2408 | D:4      | Reached XP level 6. HP: 59/59 MP: 5/5
  2932 | D:5      | Entered Level 5 of the Dungeon
  3101 | D:5      | Found an ancient bone altar of Kikubaaqudgha.
  3104 | D:5      | Found a broken altar of Ashenzari.
  3104 | D:5      | Found a glowing golden altar of the Shining One.
  3129 | D:5      | Noticed Ijyb
  3136 | D:5      | Killed Ijyb
  3215 | D:5      | Reached XP level 7. HP: 58/67 MP: 6/6
  3324 | D:5      | Found a glowing drain.
  3328 | Sewer    | Entered a sewer
  3446 | Sewer    | Found a glowing silver altar of Zin.
  3737 | D:5      | Reached skill level 5 in Unarmed Combat
  4082 | D:5      | Noticed Menkaure
  4084 | D:5      | Killed Menkaure
  4085 | D:5      | Reached XP level 8. HP: 78/78 MP: 7/7
  4422 | D:6      | Noticed Pikel
  4436 | D:6      | Killed Pikel
  4437 | D:6      | Reached skill level 5 in Throwing
  4531 | D:6      | Found a staircase to the Ecumenical Temple.
  4537 | D:6      | Found a glowing silver altar of Zin.
  4544 | Temple   | Entered the Ecumenical Temple
  4585 | Temple   | Became a worshipper of Warmaster Okawaru
  4657 | D:6      | Found a hide-covered altar of Uskayaw.
  4667 | D:6      | Found Woicaatt's Book Shoppe.
  4773 | D:6      | Reached skill level 1 in Invocations
  4790 | D:6      | Reached XP level 9. HP: 53/87 MP: 8/8
  5018 | D:6      | Reached skill level 5 in Fighting
  5137 | D:6      | Found a blossoming altar of Fedhas.
  5140 | D:6      | Found a stormy altar of Qazlal.
  5167 | D:6      | Reached * piety under Okawaru
  5390 | D:6      | Found a white marble altar of Elyvilon.
  5569 | D:7      | Reached skill level 5 in Armour
  5795 | D:7      | Reached ** piety under Okawaru
  6204 | D:7      | Reached *** piety under Okawaru
  6205 | D:7      | Reached XP level 10. HP: 83/98 MP: 11/11
  6238 | D:7      | Found a sacrificial altar of Ru.
  6817 | D:8      | Noticed Maurice
  6841 | D:8      | Killed Maurice
  7040 | D:8      | Reached **** piety under Okawaru
  7283 | D:8      | Found a burning altar of Makhleb.
  7384 | D:8      | Found Haroish's Weapon Shop.
  7426 | D:9      | Received a gift from Okawaru
  7438 | D:9      | Reached skill level 5 in Invocations
  7475 | D:9      | Found Dicsewah's Antique Weapon Emporium.
  7475 | D:9      | Found a flagged portal.
  7547 | Bailey   | Entered a bailey
  7751 | Bailey   | HP: 3/94 [orc warrior/+1 halberd of electrocution (23)]
  7946 | D:9      | Reached ***** piety under Okawaru
  7947 | D:9      | Reached XP level 11. HP: 57/105 MP: 13/13
  8143 | D:9      | Noticed Maggie
  8192 | D:9      | Killed Maggie
  8256 | D:9      | Found a staircase to the Orcish Mines.
  8524 | D:9      | Found a staircase to the Lair.
  8579 | D:9      | Found Zyoloka's Book Shoppe.
  8617 | D:9      | Found a sparkling altar of Nemelex Xobeh.
  8700 | D:9      | Found a runed translucent gate.
  8700 | D:9      | Found a runed translucent gate.
  8700 | D:9      | Noticed Wombatman's ghost (novice PaAK)
  8701 | D:9      | Found a runed translucent gate.
  8708 | D:9      | Reached XP level 12. HP: 119/119 MP: 15/15
  8712 | D:9      | Found a viscous altar of Jiyva.
  8762 | D:9      | Killed Wombatman's ghost
  8762 | D:9      | Received a gift from Okawaru
  8957 | D:10     | Entered Level 10 of the Dungeon
  9133 | D:10     | Reached skill level 10 in Unarmed Combat
  9192 | D:10     | Identified the amulet "Mewnim" {Acrobat Dex+7}
  9611 | D:11     | Noticed a two-headed ogre
  9615 | D:11     | Killed a two-headed ogre
  9724 | D:11     | Found a gate leading to a gauntlet.
  9735 | Gauntlet | Entered a Gauntlet
  9735 | Gauntlet | Found a transporter.
  9743 | Gauntlet | Found a runed translucent door.
  9746 | Gauntlet | Found a transporter.
  9747 | Gauntlet | Found a transporter.
  9748 | Gauntlet | Found a transporter.
  9754 | Gauntlet | Found a runed translucent gate.
  9754 | Gauntlet | Found a runed translucent gate.
  9754 | Gauntlet | Found a runed translucent gate.
  9756 | Gauntlet | Found a transporter.
  9759 | Gauntlet | Found a transporter.
  9760 | Gauntlet | Found a transporter.
  9768 | Gauntlet | Found a transporter.
  9771 | Gauntlet | Found a transporter.
  9772 | Gauntlet | Found a transporter.
  9784 | Gauntlet | Found a transporter.
  9785 | Gauntlet | Found a transporter.
  9787 | Gauntlet | Noticed a death yak
  9787 | Gauntlet | Noticed a death yak
  9787 | Gauntlet | Noticed a death yak
  9788 | Gauntlet | Noticed a death yak
  9788 | Gauntlet | Noticed a death yak
  9793 | Gauntlet | Found a transporter.
  9817 | Gauntlet | Found a transporter.
  9880 | Gauntlet | Identified a scroll of acquirement
  9880 | Gauntlet | Acquired a manual of Unarmed Combat
 10048 | Gauntlet | Identified the +0 kite shield of Noon {Str+7 Int-3 Stlth+}
                  | (Okawaru gifted it to you in a Gauntlet)
 10048 | Gauntlet | Received a gift from Okawaru
 10188 | Gauntlet | Gained mutation: You are occasionally teleported next to
                  | monsters. [a neqoxec]
 10205 | Gauntlet | Identified the ring "Uczum" {Slay+5 SInv}
 10254 | Gauntlet | Killed a death yak
 10354 | Gauntlet | Identified the +6 scale mail of Waepof {Harm rPois rC+
                  | Regen+ rCorr}
 10354 | Gauntlet | Noticed a minotaur
 10366 | Gauntlet | Killed a minotaur
 10420 | Gauntlet | Identified the +9 rapier "Akladd" {pain, rC++ Dex-5 Stlth+}
 10510 | D:11     | Noticed a boulder beetle
 10529 | D:11     | Killed a boulder beetle
 10544 | D:11     | Lost mutation: You are occasionally teleported next to
                  | monsters. [potion of mutation]
 10544 | D:11     | Gained mutation: Your spells are a little easier to cast,
                  | but a little less powerful. [potion of mutation]
 10544 | D:11     | Gained mutation: You are somewhat resistant to further
                  | mutation. [potion of mutation]
 10564 | D:11     | Noticed a two-headed ogre
 10567 | D:11     | Killed a two-headed ogre
 10600 | D:11     | Found a runed translucent door.
 10601 | D:11     | Noticed F1ng0rz's ghost (journeyman VSFi)
 10656 | D:11     | Reached XP level 13. HP: 80/131 MP: 17/17
 11476 | D:12     | Reached skill level 10 in Throwing
 12336 | D:13     | Received a gift from Okawaru
 12825 | D:13     | Reached ****** piety under Okawaru
 12826 | D:13     | Reached skill level 10 in Fighting
 12874 | D:13     | Identified the +0 hat of Garask {rF+ rN+} (Okawaru gifted
                  | it to you on level 13 of the Dungeon)
 12874 | D:13     | Received a gift from Okawaru
 13104 | D:13     | Reached skill level 10 in Armour
 13352 | Lair:1   | Entered Level 1 of the Lair of Beasts
 13352 | Lair:1   | Noticed Nergalle
 13358 | Lair:1   | Killed Nergalle
 14389 | Lair:2   | HP: 3/133 [swamp worm (5)]
 14390 | Lair:2   | Slain by a swamp worm

Illustrated notes

Levels and vault maps discovered:
D:1:      tarquinn_simple_flora_water_c, layout_loops_cross,
          hellmonk_ecumenical_altar_blasted
D:2:      layout_loops_ring
D:3:      layout_basic, amcnicky_altar_gilded
D:4:      layout_basic
D:5:      layout_basic, chequers_temple_overflow_statue_of_worship,
          gup_sewer_entry_spiral, kennysheep_decorative_pillar,
          nicolae_hexahallways, uniq_menkaure, uniq_ijyb
D:6:      minmay_evil_eye, layout_loops_ring,
          grunt_temple_overflow_forces_of_nature, elyvilon_altar_3,
          nicolae_uskayaw_dance_hall, lemuel_round_altar,
          minmay_temple_entry_purple_smoke, serial_shops, nicolae_stop_n_shop_1,
          kennysheep_generic_room_16, uniq_pikel
D:7:      layout_gridville, nicolae_ru_sacrificial_ziggurat,
          grunt_decor_arrowhead
D:8:      layout_rooms, mainiacjoe_overflow_chevrons, serial_shops,
          nicolae_shop_bloodbath_and_beyond, kennysheep_small_circle,
          uniq_maurice
D:9:      layout_loops_cross, kennysheep_little_box, lair_entry_dummy,
          zombieorc2_lemuel, serial_shops, nicolae_shop_hallway_plus,
          nicolae_diamond_shop, gammafunk_ghost_ooze, enter_bailey_5,
          uniq_maggie
D:10:     layout_rooms, serial_demonic, serial_demonic_f, serial_demonic_b,
          serial_demonic_d, serial_demonic_c, special_room [special_room_orc]
D:11:     layout_basic, gauntlet_entry_generic, ebering_ghost_reflecting_pool
D:12:     layout_roguey [special_room_orc], kennysheep_just_a_vault
D:13:     layout_irregular_city
Temple:   jpeg_temple_alley_garden
Lair:1:   layout_regular_city, nicolae_quartered_pool_medium, uniq_nergalle
Lair:2:   layout_chaotic_city, nicolae_swamp_entry_splash_gauntlet,
          spider_nest_entry_web_field, serial_bayou_pond_e, forest_entry_grove

Skill      XL: |  1  2  3  4  5  6  7  8  9 10 11 12 13 |
---------------+----------------------------------------+-----
Throwing       | 2 3 4 5 6 7 8 9 10 | 10.0
Fighting       | 2 3 4 5 6 8 9 10 | 10.0
Armour         | 1 2 3 4 5 6 7 8 10 | 10.0
Dodging        | 3 |  3.0
Unarmed Combat | 4 5 6 7 8 9 10 | 10.0
Invocations    | 1 3 5 7 9 |  9.9

Action                   |  1- 3 |  4- 6 |  7- 9 | 10-12 | 13-15 || total
-------------------------+-------+-------+-------+-------+-------++-------
Melee: Unarmed           |    79 |   104 |   286 |   524 |   260 ||  1253
       Punch             |     2 |     2 |     6 |    28 |    23 ||    61
Throw: Large rock        |     3 |     2 |    14 |    38 |    28 ||    85
       Stone             |       |     3 |       |       |       ||     3
       Dart              |       |     3 |       |       |       ||     3
       Boomerang         |       |       |       |     5 |     5 ||    10
       Throwing net      |       |       |       |     1 |       ||     1
       Javelin           |       |       |       |     1 |       ||     1
Invok: Heroism           |       |       |       |     3 |     3 ||     6
       Finesse           |       |       |       |     3 |     2 ||     5
Evoke: Wand              |     3 |     3 |       |     6 |       ||    12
  Use: Scroll            |       |    13 |     4 |    14 |     3 ||    34
       Potion            |       |       |       |    15 |     2 ||    17
 Stab: Sleeping          |     2 |     1 |     2 |     2 |     1 ||     8
       Paralysed         |     3 |     1 |       |       |       ||     4
       Invisible         |       |       |       |     3 |       ||     3
Armor: Robe              |    27 |    15 |    64 |    69 |       ||   175
       Troll leather arm |       |       |       |    63 |       ||    63
       Acid dragon scale |       |       |       |    79 |   102 ||   181
Dodge: Dodged            |    47 |    68 |   149 |   385 |   184 ||   833
